AoeStats
← Chaac1706

Arabia

509620606Analyzed
1v1 RM · 5d ago on Sep 27, 2026· 32m 15s· 2 players
Game mode
Random Map
Map size
Tiny (2 player)
Population
200
Speed
Normal
Resources
Standard
Victory
Conquest
Starting age
Dark Age
Ending age
Imperial Age
RankedLock teamsTeams togetherTeam positionsShared explorationLock speedFull tech treeHidden civsTurbo modeCheats
Victory
Defeat
🇩🇪 Maya · Germany
1147
+15
🇨🇴 Muisca · Colombia
1126
-15
Chaac1706
6:09 Loom
6:13 Loom
9:23 Feudal Age
9:53 Double-Bit Axe
9:48 Horse Collar
13:35 Town Watch
14:28 Wheelbarrow
15:47 Padded Archer Armor
21:35 Castle Age
19:41 Fletching
22:37 Leather Archer Armor
22:53 Crossbowman
23:59 Town Watch
25:02 Bow Saw
26:38 Bodkin Arrow
28:08 Hand Cart
28:50 Thumb Ring
28:40 Elite Skirmisher
leahau
0:26 Loom
9:07 Feudal Age
13:39 Double-Bit Axe
16:21 Fletching
16:31 Padded Archer Armor
21:44 Castle Age
19:55 Horse Collar
20:19 Scale Mail Armor
20:28 Gold Mining
22:37 Crossbowman
23:22 Thumb Ring
23:19 Heavy Plow
23:31 Bow Saw
23:33 Bodkin Arrow
24:33 Leather Archer Armor
25:50 Wheelbarrow
28:28 Elite Skirmisher
Connection lost

Rejoining the realm…

Still unreachable

The connection could not be restored.

Session expired

The server has moved on; the page needs a fresh start.